 Dungeon Crawl Stone Soup version 0.30-a0-629-gd54f4be4f7 (webtiles) character file.

Game seed: 6739652383817451124

21529 bmack86 the Fighter (level 12, -1/115 HPs)
             Began as a Minotaur Fighter on Jan 13, 2023.
             Was a High Priest of Okawaru.
             Drowned by a water nymph (10 damage)
             ... on level 3 of the Lair of Beasts.
             The game lasted 00:36:03 (12700 turns).

bmack86 the Fighter (Minotaur Fighter)             Turns: 12700, Time: 00:36:03

Health: -1/115     AC: 24    Str: 28    XL:     12   Next: 55%
Magic:  15/15      EV:  7    Int:  8    God:    Okawaru [*****.]
Gold:   1045       SH:  6    Dex: 10    Spells: 11/11 levels left

rFire   + . .      SeeInvis .    x - +2 war axe (flame)
rCold   . . .      Faith    .    c - +0 buckler
rNeg    + . .      Spirit   .    B - +0 plate armour
rPois   +          Reflect  .    (helmet restricted)
rElec   .          Harm     .    n - +1 cloak
rCorr   .          Rampage  .    (no gloves)
Will    .....                    h - +2 pair of boots Stlth
                                 Q - amulet of regeneration
HPRegen 1.19/turn                q - ring "Hieqid" {rPois rF+ rN+ Will- Str+2 Int+3 Slay+2}
MPRegen 0.14/turn                D - +4 ring of protection

@: very slow
A: horns 2, retaliatory headbutt
a: Renounce Religion, Heroism, Finesse, Duel


You were on level 3 of the Lair of Beasts.
You worshipped Okawaru.
Okawaru was extremely pleased with you.
You visited 3 branches of the dungeon, and saw 15 of its levels.
You also visited: Ossuary.

You collected 1069 gold pieces.
You spent 24 gold pieces at shops.

Inventory:

Hand Weapons
 a - a +1 spectral war axe
 b - the +5 scythe "Finisher" {speed, eviscerate}
   (You found it on level 8 of the Dungeon)

   It may eviscerate those it strikes, slaying them instantly, with a decreasing
   chance against stronger foes.
 s - the +10 mace of Fedhas's Reproof {vamp, Int+2}
   (You found it on level 4 of the Dungeon)

   Int:       It affects your intelligence (+2).
 x - a +2 war axe of flaming (weapon)
Missiles
 r - 23 poisoned darts (quivered)
 v - 4 curare-tipped darts
 z - 2 silver boomerangs
 A - a throwing net
 J - a datura-tipped dart
 R - a javelin
Armour
 c - a +0 buckler (worn)
 h - a +2 pair of boots (worn)
 n - a +1 cloak (worn)
 u - a +0 chain mail
 B - a +0 plate armour (worn)
 P - a scarf of repulsion
Jewellery
 q - the ring "Hieqid" (left hand) {rPois rF+ rN+ Will- Str+2 Int+3 Slay+2}
   (You found it on level 3 of the Dungeon)

   [ring of protection from fire]

   Str:       It affects your strength (+2).
   Int:       It affects your intelligence (+3).
   Slay:      It affects your accuracy & damage with ranged weapons and melee
   (+2).
   rF:        It protects you from fire.
   rPois:     It protects you from poison.
   rN:        It protects you from negative energy.
   Will:      It decreases your willpower.
 t - a ring of resist corrosion
 y - an amulet of guardian spirit
 D - a +4 ring of protection (right hand)
 F - a ring of protection from cold
 G - a ring of poison resistance
 H - a ring of see invisible
 I - a +6 ring of intelligence
 Q - an amulet of regeneration (around neck)
Wands
 C - a wand of acid (5)
 E - a wand of digging (9)
 N - a wand of flame (10)
Scrolls
 g - 2 scrolls of blinking
 i - 2 scrolls of teleportation
 k - 2 scrolls of amnesia
 o - 2 scrolls of fog
 w - 2 scrolls of poison
 L - 2 scrolls of magic mapping
 S - a scroll of silence {unknown}
Potions
 d - 3 potions of might
 e - 5 potions of brilliance
 f - 5 potions of heal wounds
 j - a potion of cancellation
 l - 8 potions of curing
 m - 3 potions of haste
 p - 2 potions of invisibility
 K - 4 potions of flight
 M - 2 potions of lignification
 O - a potion of resistance {unknown}
 T - a potion of berserk rage {unknown}


   Skills:
 * Level 13.5 Fighting
 * Level 13.3 Axes
 + Level 7.2 Throwing
 + Level 10.0 Armour
 + Level 10.1 Shields
 + Level 5.9 Invocations


You had 11 spell levels left.
You didn't know any spells.
Your spell library contained the following spells:

 Spells                   Type           Power      Damage    Failure   Level
 Magic Dart               Conj           0%         1d3       99%         1
 Shock                    Conj/Air       0%         1d3       99%         1
 Ensorcelled Hibernation  Hex/Ice        0%         N/A       100%        2
 Passwall                 Tmut/Erth      0%         N/A       100%        2
 Mephitic Cloud           Conj/Pois/Air  0%         N/A       100%        3
 Swiftness                Air            0%         N/A       100%        3
 Airstrike                Air            0%         2d(0-16)  100%        4
 Anguish                  Hex/Necr       0%         N/A       100%        4
 Enfeeble                 Hex            0%         N/A       100%        7
 Orb of Destruction       Conj           0%         9d5       100%        7
 Call Imp                 Summ           Unusable   N/A       N/A         2
 Summon Guardian Golem    Hex/Summ       Unusable   N/A       N/A         3
 Spellforged Servitor     Conj/Summ      Unusable   N/A       N/A         7

Dungeon Overview and Level Annotations

Branches:
Dungeon (11/15)            Temple (1/1) D:7            Lair (3/5) D:8
 Shoals (0/4) Lair:3       Spider (0/4) Lair:2          Orc (0/2) D:10
Ossuary (visited)

Altars:
Ashenzari
Cheibriados
Dithmenos
Gozag
Hepliaklqana
Kikubaaqudgha
Makhleb
Okawaru
Trog
Yredelemnul
Zin
The Shining One

Shops:
D:5 *


Innate Abilities, Weirdness & Mutations

You have a pair of horns on your head.
You reflexively headbutt those who attack you in melee.


Message History

You slash the yak! You burn the yak.
You kill the yak!
Okawaru accepts your kill.
A water nymph and an electric eel come into view.
The water nymph shouts!
The electric eel shoots out a bolt of lightning at you!
The bolt of electricity hits you!
The water nymph flows with the water.
You enter the shallow water.
Moving in this stuff is going to be slow.
The water nymph touches you. The water nymph drowns you!
The water nymph gestures at you while chanting.
The water swirls and strikes you! The water nymph touches you.
The water nymph drowns you!
Your unstable footing causes you to fumble your attack.
Your unstable footing causes you to fumble your attack.
The water nymph touches you. The water nymph drowns you!
A water nymph comes into view.
Your unstable footing causes you to fumble your attack.
The water nymph shouts!
You hear a bellow!
The water nymph gestures at you while chanting.
The water swirls and strikes you!!
You slash the water nymph! You burn the water nymph.
The water nymph is moderately wounded.
You miss the electric eel. You block the water nymph's attack.
Your unstable footing causes you to fumble your attack.
The water nymph touches you. The water nymph drowns you!
The water nymph points at you and mumbles some strange words.
The water swirls and strikes you. The water nymph touches you.
The water nymph drowns you!
* * * LOW HITPOINT WARNING * * *
The water nymph barely misses you. The water nymph casts a spell at you.
The water swirls and strikes you!!
* * * LOW HITPOINT WARNING * * *
You slash the electric eel! You burn the electric eel.
The electric eel is severely wounded.
You barely miss the water nymph.
Your unstable footing causes you to fumble your attack.
The water nymph touches you. The water nymph drowns you!
You die...

#.##...#
.#.~~...##
.~~~#.#..#
~~~~~.#..##
~>.~.....#
~~~~~..#
#mS.##
###~@..#
.##.#~m~..##
..~~~~~~..P#
.#..####...#
##.P###.P##
#......##
#####.##
#.### #.#.#


You could see 2 water nymphs and an electric eel.

Vanquished Creatures
  2 hydras
  2 centaur warriors (D:10)
  4 two-headed ogres
  2 tengu warriors (D:10)
  A pharaoh ant (Lair:2)
  A skeletal warrior (D:8)
  A deep elf pyromancer (D:10)
  3 elephants (Lair:2)
  The ghost of CornPuffBuddha the Skirmisher, a novice KoHu of Ru (D:7)
  Joseph (D:10)
  3 cane toads
  A freezing wraith (D:10)
  2 unseen horrors
  3 komodo dragons
  A kobold demonologist (D:10)
  A troll (D:5)
  A hornet (D:7)
  Prince Ribbit (D:8)
  A shadow (D:9)
  Sigmund (D:2)
  A jumping spider (Lair:2)
  3 wraiths
  14 yaks
  3 basilisks
  A wyvern (D:10)
  A redback (Lair:2)
  Grum (Lair:1)
  2 steam dragons (D:8)
  A vampire mosquito (D:10)
  9 water moccasins
  6 orc warriors
  2 ice beasts
  2 black bears
  5 ogres
  3 wolves (Lair:1)
  2 centaurs
  A phantom (D:6)
  2 necrophages (D:5)
  2 kobold brigands
  6 bullfrogs
  3 scorpions
  3 gnoll sergeants
  4 killer bees
  5 howler monkeys
  3 electric eels (Lair:1)
  A crimson imp (D:4)
  6 orc priests
  A jelly (D:5)
  5 hounds
  5 iguanas
  4 orc wizards
  2 mummies (Ossuary)
  5 adders
  13 gnolls
  A shadow imp (D:8)
  3 white imps
  2 adder zombies (Ossuary)
  3 worms
  2 dart slugs
  26 orcs
  3 ball pythons
  4 bats
  7 endoplasms
  3 giant cockroaches
  3 gnoll zombies (Ossuary)
  4 goblins
  12 hobgoblins
  2 jackals (D:3)
  5 quokkas
  4 frilled lizards
  A goblin zombie (D:8)
  8 hobgoblin zombies (Ossuary)
  12 kobolds
  6 kobold zombies (Ossuary)
  4 orc zombies (Ossuary)
  A quokka zombie (D:8)
  4 rats
280 creatures vanquished.

Vanquished Creatures (others)
  An orc (D:3)
  4 fungi
  21 plants
26 creatures vanquished.

Grand Total: 306 creatures vanquished

Notes
Turn   | Place    | Note
-------+----------+-------------------------------------------
     0 | D:1      | bmack86 the Minotaur Fighter began the quest for the Orb.
     0 | D:1      | Reached XP level 1. HP: 19/19 MP: 0/0
   228 | D:1      | Reached XP level 2. HP: 19/27 MP: 1/1
  1143 | D:2      | Noticed Sigmund
  1149 | D:2      | Reached XP level 3. HP: 13/33 MP: 2/2
  1151 | D:2      | Killed Sigmund
  1152 | D:2      | Reached skill level 5 in Fighting
  1152 | D:2      | Reached XP level 4. HP: 15/42 MP: 3/3
  1152 | D:2      | Reached XP level 5. HP: 17/48 MP: 4/4
  1385 | D:2      | Found a faded altar of an unknown god.
  1538 | D:2      | You fall into a shaft and drop 2 floors!
  1671 | D:3      | Identified the ring "Hieqid" {rPois rF+ rN+ Will- Str+2
                  | Int+3 Slay+2}
  2003 | D:3      | Reached XP level 6. HP: 57/57 MP: 5/5
  2443 | D:3      | Reached skill level 5 in Axes
  2654 | D:4      | Found an opulent altar of Gozag.
  2905 | D:4      | Identified the +10 mace of Fedhas's Reproof {vamp, Int+2}
  3188 | D:4      | Reached skill level 5 in Armour
  3240 | D:4      | Reached skill level 5 in Shields
  3324 | D:4      | Reached skill level 1 in Throwing
  3337 | D:4      | Reached XP level 7. HP: 38/63 MP: 6/6
  3515 | D:5      | Entered Level 5 of the Dungeon
  3544 | D:5      | Found Elenyrch's General Store.
  3754 | D:5      | Identified the +0 helmet of Alu Fimn {Slay+3}
  3768 | D:5      | Bought a scroll of identify for 24 gold pieces
  4036 | D:5      | Reached XP level 8. HP: 73/73 MP: 7/7
  4297 | D:6      | Noticed a troll
  4309 | D:5      | Killed a troll
  4567 | D:7      | Found a staircase to the Ecumenical Temple.
  4575 | Temple   | Entered the Ecumenical Temple
  4581 | Temple   | Became a worshipper of Warmaster Okawaru
  5136 | D:6      | Reached XP level 9. HP: 82/82 MP: 8/8
  5384 | D:6      | Reached * piety under Okawaru
  5603 | D:7      | Found a runed translucent gate.
  5603 | D:7      | Found a runed translucent gate.
  5603 | D:7      | Found a runed translucent gate.
  5617 | D:7      | Noticed CornPuffBuddha's ghost (novice KoHu)
  5637 | D:7      | Killed an unseen horror
  5998 | D:7      | Found a glowing silver altar of Zin.
  6060 | D:7      | Reached skill level 1 in Invocations
  6182 | D:7      | Identified the +9 falchion of Zuufaa {freeze, rF+ rC+
                  | Dex+6}
  6209 | D:7      | Reached ** piety under Okawaru
  6486 | D:7      | Killed CornPuffBuddha's ghost
  6504 | D:8      | Noticed a two-headed ogre
  6511 | D:8      | Killed a two-headed ogre
  6512 | D:8      | Reached skill level 10 in Fighting
  6512 | D:8      | Reached XP level 10. HP: 79/93 MP: 7/10
  6526 | D:8      | Found a staircase to the Lair.
  6536 | D:8      | Noticed Prince Ribbit
  6542 | D:8      | Killed Prince Ribbit
  6542 | D:8      | Reached *** piety under Okawaru
  6650 | D:8      | Found a bloodstained altar of Trog.
  6656 | D:8      | Found a hazy altar of Hepliaklqana.
  6853 | D:8      | Found a sand-covered staircase.
  6866 | Ossuary  | Entered an ossuary
  6922 | Ossuary  | Reached skill level 10 in Axes
  7061 | D:8      | Noticed a skeletal warrior
  7077 | D:8      | Killed a skeletal warrior
  7286 | D:8      | Found the +5 scythe "Finisher" {speed, eviscerate}
  7311 | D:8      | Reached skill level 5 in Throwing
  7485 | D:8      | Reached **** piety under Okawaru
  8768 | D:10     | Entered Level 10 of the Dungeon
  8808 | D:10     | Reached ***** piety under Okawaru
  8809 | D:10     | Noticed a two-headed ogre
  8812 | D:10     | Noticed a centaur warrior
  8812 | D:10     | Noticed a tengu warrior
  8817 | D:10     | Killed a two-headed ogre
  8817 | D:10     | Killed a tengu warrior
  8817 | D:10     | Received a gift from Okawaru
  8818 | D:10     | Reached XP level 11. HP: 74/102 MP: 7/13
  8820 | D:10     | Killed a centaur warrior
  8832 | D:10     | Noticed a tengu warrior
  8839 | D:10     | Killed a tengu warrior
  8868 | D:10     | Noticed a four-headed hydra
  8875 | D:10     | Killed a two-headed hydra
  8876 | D:10     | Noticed a centaur warrior
  8879 | D:10     | Noticed a two-headed ogre
  8897 | D:10     | Killed a two-headed ogre
  8898 | D:10     | Killed a centaur warrior
  8924 | D:10     | Received a gift from Okawaru
  8925 | D:10     | Noticed a two-headed ogre
  8931 | D:10     | Killed a two-headed ogre
  9181 | D:10     | Noticed a deep elf pyromancer
  9191 | D:10     | Killed a deep elf pyromancer
  9192 | D:10     | Reached skill level 5 in Invocations
  9439 | D:10     | Noticed Joseph
  9450 | D:10     | Killed Joseph
  9501 | D:10     | Found a staircase to the Orcish Mines.
  9768 | D:10     | Reached XP level 12. HP: 105/113 MP: 14/14
 10100 | Lair:1   | Entered Level 1 of the Lair of Beasts
 10103 | Lair:1   | Identified the +5 ring mail of the Hart {rElec rF- Int+4}
 10148 | Lair:1   | Noticed Grum
 10161 | Lair:1   | Killed Grum
 10161 | Lair:1   | Reached ****** piety under Okawaru
 11583 | Lair:2   | Noticed an eight-headed hydra
 11592 | Lair:2   | Killed a four-headed hydra
 11978 | Lair:2   | Found a hole to the Spider Nest.
 11987 | Lair:2   | Received a gift from Okawaru
 11988 | Lair:2   | Reached skill level 10 in Shields
 12557 | Lair:3   | Reached skill level 10 in Armour
 12700 | Lair:3   | Drowned by a water nymph

Illustrated notes

Levels and vault maps discovered:
D:1:      roderic_octagonal_star, layout_loops_corners, minmay_vboxes
D:2:      layout_basic, ebering_ecumenical_altar_mist,
          chequers_hall_statues_wall_a, interstate_on_off,
          kennysheep_flooded_box, uniq_sigmund
D:3:      layout_loops_ring
D:4:      minmay_angry_zag, layout_basic, mainiacjoe_overflow_24_doors,
          minmay_fire_ice_demons
D:5:      layout_rooms, serial_shops, nicolae_shop_advertising_works
          [nicolae_subvault_shop_adworks]
D:6:      layout_loops_ring, hangedman_decor_diamond_cutter, moated_statue
D:7:      layout_loops_cross, lemuel_doored_altar, minmay_temple_entry_mist,
          ebering_ghost_rock_garden, hangedman_decor_clover_reticule
D:8:      layout_loops_ring, mainiacjoe_overflow_large_starburst,
          dpeg_oklobed_lair, enter_ossuary_4, minmay_guarded_unrand_finisher,
          uniq_prince_ribbit1
D:9:      layout_cave_pods, minmay_variable_closet
D:10:     hangedman_cross_cluster, layout_loops_corners, uniq_joseph
D:11:     layout_long_grid, serial_co_window_serial, co_window_cross_1,
          co_window_paths_a, co_window_corner_a, co_window_corner_a,
          co_window_paths_a, co_window_corner_b, co_window_paths_c,
          co_window_of_opportunity_b, co_window_2corner, co_window_corner_b,
          co_window_corner_b, co_window_paths_c, co_window_paths_d,
          glass_columns_c
Temple:   eino_narrow_crystal_temple
Lair:1:   layout_cave_pods, serial_bayou, serial_bayou_pond_c,
          serial_bayou_crossing, serial_bayou_pond_a, serial_bayou_lake_a,
          lemuel_fruit_tree, uniq_grum
Lair:2:   layout_regular_city, nicolae_spider_entry_lesser_pyramids
Lair:3:   layout_loops_ring, nicolae_shoals_entry_flooding, serial_bayou_shore_b

Skill      XL: |  1  2  3  4  5  6  7  8  9 10 11 12 |
---------------+-------------------------------------+-----
Fighting       | 4 5 6 7 8 10 11 12 13 | 13.5
Axes           | 3 4 5 6 8 9 11 12 13 | 13.3
Armour         | 4 5 6 7 8 9 10 | 10.0
Shields        | 4 5 6 7 8 9 10 | 10.1
Throwing       | 1 2 3 4 5 6 7 |  7.2
Invocations    | 2 4 5 |  5.9

Action                   |  1- 3 |  4- 6 |  7- 9 | 10-12 || total
-------------------------+-------+-------+-------+-------++-------
Melee: War axe           |    57 |   107 |   161 |   374 ||   699
       Headbutt          |     9 |     8 |    33 |    77 ||   127
Invok: Heroism           |       |       |     2 |     6 ||     8
       Finesse           |       |       |       |     2 ||     2
  Use: Scroll            |     3 |     4 |     6 |    15 ||    28
       Potion            |       |       |     1 |       ||     1
Armor: Scale mail        |    25 |    52 |       |       ||    77
       Chain mail        |       |       |   107 |    21 ||   128
       Plate armour      |       |       |       |   224 ||   224
Dodge: Dodged            |    21 |    53 |    71 |   126 ||   271
Block: Buckler           |    13 |    20 |    38 |   101 ||   172

Table legend: (Time is in decaauts)
 A = Elapsed time spent in this place.
 B = Non-inter-level travel time spent in this place.
 C = Inter-level travel time spent in this place.
 D = Time resting spent in this place.
 E = Time spent auto-exploring this place.
 F = Levels seen in this place.
 G = Mean time per level.
                   A        B        C        D        E       F      G
               +--------+--------+--------+--------+--------+-----+--------+
         Total |  12796 |  12347 |    449 |   1113 |   7663 |  16 |  799.8 |
       Dungeon |  10011 |   9633 |    378 |   1039 |   5705 |  11 |  910.1 |
        Temple |     12 |     12 |      0 |      0 |      0 |   1 |   12.0 |
          Lair |   2626 |   2555 |     71 |     74 |   1957 |   3 |  875.3 |
       Ossuary |    144 |    144 |      0 |      0 |      0 |   1 |  144.0 |
               +--------+--------+--------+--------+--------+-----+--------+

Top non-repeatable levels by time:
  Lair:1: 1521 daAuts
    D:10: 1281 daAuts
     D:8: 1138 daAuts
     D:1: 1101 daAuts
     D:7: 1096 daAuts
     D:9: 1014 daAuts
     D:5: 982 daAuts
     D:4: 969 daAuts
  Lair:2: 955 daAuts
     D:3: 941 daAuts
     D:6: 924 daAuts
     D:2: 559 daAuts
  Lair:3: 149 daAuts
 Ossuary: 144 daAuts
  Temple: 12 daAuts
